Panthers vs Devils

Created - 4 novembre 2020 at 21:34

Goals
1 2 3 T
Panthers 3 0 0 3
Devils 0 0 2 2
Shots
1 2 3 T
Panthers 13 14 8 35
Devils 8 5 9 22

1st period

1. Panthers , Alex Ovechkin 5 (Nikita Kucherov 4, Aleksander Barkov 3) at 0:42
2. Panthers , Matt Calvert 2 (Samuel Girard 5, Colton Parayko 4) at 12:08
3. Panthers , Aleksander Barkov 2 (Alex Ovechkin 2, Jeff Petry 2) at 18:44

Penalties :
Charlie McAvoy (FLA) for Roughing (Minor) at 4:46, Patrik Laine (FLA) for Hooking (Minor) at 14:14

2nd period

No Goal

Penalties :
Matthew Tkachuk (FLA) for Roughing (Minor) at 2:57, Mikhail Sergachev (NJD) for Holding (Minor) at 9:01, Alex Ovechkin (FLA) for Tripping (Minor) at 9:01, Mikhail Sergachev (NJD) for Holding (Minor) at 15:26

3rd period

4. Devils , Tyler Bozak 1 (Pavel Zacha 3) at 11:57
5. Devils , Chris Kreider 1 (Ryan Suter 2, Cale Makar 2) at 17:40

Penalties :
Colton Parayko (FLA) for Tripping (Minor) at 3:23, Brian Boyle (NJD) for Tripping (Minor) at 8:37, Mikhail Sergachev (NJD) for Tripping (Minor) at 15:17

Goalie Stats

Corey Crawford (FLA), 20 saves from 22 shots - (0,909), W, 3-0-0, 60:00 minutes
Marc-Andre Fleury (NJD), 32 saves from 35 shots - (0,914), L, 0-2-0, 59:43 minutes

Players Stats for Panthers

Player Name              G  A  P  +/- PIM S  H  SB GA TA FO     MP     PP MP  PK MP  
------------------------------------------------------------------------------------
Aleksander Barkov        1  1  2   2  0   3  1  0  0  0  17/25  19:48   3:08   1:11 
Alex Ovechkin            1  1  2   2  2   3  0  0  0  0  0/0    16:58   3:08   0:23 
Charlie McAvoy           0  0  0  -2  2   0  4  1  0  0  0/0    17:14   0:00   2:50 
Colton Parayko           0  1  1   1  2   4  0  0  0  0  0/0    19:03   3:08   0:51 
Derek Grant              0  0  0   0  0   0  0  0  0  0  7/11    8:38   0:00   4:12 
Dylan Larkin             0  0  0   0  0   4  1  0  0  0  8/10   15:27   0:00   3:12 
Jeff Petry               0  1  1   2  0   2  2  0  0  0  0/0    23:41   2:49   4:15 
Joe Thornton             0  0  0   0  0   0  0  0  0  0  4/6     3:36   0:00   0:00 
Joel Armia               0  0  0   0  0   0  1  0  0  0  1/2    15:16   0:00   3:42 
Mark Scheifele           0  0  0  -1  0   4  1  0  0  0  11/17  18:32   2:49   0:00 
Matt Calvert             1  0  1   0  0   2  0  0  0  0  0/1    15:21   0:00   3:12 
Matthew Tkachuk          0  0  0  -1  2   4  5  1  0  0  1/1    17:43   2:49   0:00 
Nikita Kucherov          0  1  1   2  0   4  0  0  0  0  0/3    17:24   3:08   0:00 
Oskar Sundqvist          0  0  0   0  0   0  0  0  0  0  0/0     3:36   0:00   0:00 
Patrik Laine             0  0  0  -1  2   4  2  0  0  0  1/2    17:43   2:49   0:00 
Quinn Hughes             0  0  0   2  0   0  0  0  0  0  0/0    22:51   2:49   4:15 
Samuel Girard            0  1  1   1  0   0  0  3  0  0  0/0    18:13   3:08   0:00 
Zdeno Chara              0  0  0  -2  0   1  4  2  0  0  0/0    18:56   0:00   3:41 

Players Stats for Devils

Player Name              G  A  P  +/- PIM S  H  SB GA TA FO     MP     PP MP  PK MP  
------------------------------------------------------------------------------------
Brian Boyle              0  0  0   0  2   0  1  0  0  0  4/6     8:48   0:39   1:52 
Cale Makar               0  1  1  -1  0   3  4  0  0  0  0/0    19:29   3:43   0:00 
Chris Kreider            1  0  1   0  0   1  0  0  0  0  0/1    19:10   3:30   0:36 
Damon Severson           0  0  0  -1  0   3  2  1  0  0  0/0    21:59   4:13   2:43 
Justin Schultz           0  0  0   1  0   0  1  2  0  0  0/0    19:20   0:00   3:14 
Mathieu Joseph           0  0  0   0  0   0  0  0  0  0  0/1     6:18   0:00   0:00 
Mike Hoffman             0  0  0   0  0   0  0  0  0  0  0/2    15:15   3:47   0:00 
Mikhail Sergachev        0  0  0  -1  6   0  1  0  0  0  0/0    18:01   3:34   0:00 
Nicklas Backstrom        0  0  0   0  0   2  0  0  0  0  5/19   19:32   3:30   0:58 
Niklas Hjalmarsson       0  0  0   1  0   0  4  1  0  0  0/0    18:37   0:39   3:14 
Pavel Zacha              0  1  1   0  0   1  2  0  0  0  0/1    14:50   0:00   3:22 
Rocco Grimaldi           0  0  0   0  0   3  1  0  0  0  0/0     6:57   0:39   0:00 
Ryan Suter               0  1  1  -1  0   0  1  0  0  0  0/0    22:31   3:43   2:43 
Sam Reinhart             0  0  0  -1  0   3  0  1  0  0  7/24   18:14   4:26   0:00 
T.J. Oshie               0  0  0   0  0   0  1  0  0  0  0/0    17:23   3:30   0:00 
Travis Konecny           0  0  0  -1  0   2  0  0  0  0  0/2    17:04   3:47   0:00 
Tyler Bozak              1  0  1   0  0   2  0  0  0  0  11/20  14:04   0:00   3:07 
Zack Smith               0  0  0  -1  0   2  1  0  0  0  1/2    14:28   0:00   1:59 

3 Stars

1 - Aleksander Barkov (FLA)
2 - Alex Ovechkin (FLA)
3 - Jeff Petry (FLA)

Power Play

Panthers - 0 on 3 Attempt(s) - 0,00%
Devils - 0 on 4 Attempt(s) - 0,00%

Penalty Kill

Panthers - 4 on 4 Attempt(s) - 100,00% - Score 0 goal in Penalty Kill
Devils - 3 on 3 Attempt(s) - 100,00% - Score 0 goal in Penalty Kill

Team Stat

Panthers - Hits : 21 - Faceoff Wins : 50 - Blocked Shots : 7 - Penalty Minutes : 10
Devils - Hits : 19 - Faceoff Wins : 28 - Blocked Shots : 5 - Penalty Minutes : 8

Official

Referees : Garrett Rank and Dean Morton
Linesman : David Brisebois and Kory Nagy

Game Notes

No Game Note

Finance

Level 1 -- Attendance: 6000 (100,00%) -- Ticket Income 672 000 $
Level 2 -- Attendance: 5000 (100,00%) -- Ticket Income 405 000 $
Level 3 -- Attendance: 2000 (100,00%) -- Ticket Income 160 000 $
Level 4 -- Attendance: 3227 (89,02%) -- Ticket Income 48 405 $
Luxury Box -- Attendance: 1000 (100,00%) -- Ticket Income 195 000 $
Game was played at the Prudential Center.
Total Attendance: 17227 (97,74%)
Total Ticket Income: 1 480 405 $
Other Income: 725 398 $
Total Income: 2 205 803 $

% Time on Ice - Panthers

Lines # - Real PCT - Wanted PCT - Time Play
Normal Forward
1 - 31% - 33% - 13:28
2 - 34% - 33% - 14:55
3 - 26% - 24% - 11:19
4 - 8% - 10% - 3:36
Normal Defense
1 - 34% - 36% - 14:36
2 - 35% - 34% - 15:05
3 - 31% - 30% - 13:37
4 - 0% - 0% - 0:00
PP Forward
1 - 53% - 50% - 3:08
2 - 47% - 50% - 2:49
PP Defense
1 - 47% - 50% - 2:49
2 - 53% - 50% - 3:08
PK Forward
1 - 60% - 60% - 4:44
2 - 40% - 40% - 3:12
PK Defense
1 - 54% - 60% - 4:15
2 - 46% - 40% - 3:41
PK3 Forward
1 - 0% - 60%
2 - 0% - 40%
PK3 Defense
1 - 0% - 60%
2 - 0% - 40%
44 Forward
1 - 60% - 50% - 1:11
2 - 40% - 50% - 0:48
44 Defense
1 - 60% - 60% - 1:11
2 - 40% - 40% - 0:48
Last Minute Offensive  - 0:00
Last Minute Defensive  - 0:50
Total
Forward - 60:00
Defense - 60:00

% Time on Ice - Devils

Lines # - Real PCT - Wanted PCT - Time Play
Normal Forward
1 - 32% - 33% - 13:53
2 - 29% - 32% - 12:29
3 - 25% - 30% - 10:57
4 - 14% - 5% - 6:18
Normal Defense
1 - 32% - 32% - 13:49
2 - 33% - 32% - 14:30
3 - 34% - 31% - 14:44
4 - 1% - 5% - 0:34
PP Forward
1 - 44% - 60% - 3:30
2 - 56% - 40% - 4:26
PP Defense
1 - 47% - 60% - 3:43
2 - 53% - 40% - 4:13
PK Forward
1 - 67% - 60% - 3:58
2 - 33% - 40% - 1:59
PK Defense
1 - 54% - 60% - 3:14
2 - 46% - 40% - 2:43
PK3 Forward
1 - 0% - 60%
2 - 0% - 40%
PK3 Defense
1 - 0% - 60%
2 - 0% - 40%
44 Forward
1 - 60% - 60% - 1:11
2 - 40% - 40% - 0:48
44 Defense
1 - 56% - 60% - 1:07
2 - 44% - 40% - 0:52
Last Minute Offensive  - 0:31
Last Minute Defensive  - 0:00
Total
Forward - 60:00
Defense - 60:00

Play-by-Play

1st period


0:01 of 1st period - Aleksander Barkov wins face-off versus Nicklas Backstrom in neutral zone.
0:10 of 1st period - Shot by Nikita Kucherov.
0:10 of 1st period - Deflect By Alex Ovechkin.
0:10 of 1st period - Shot Misses the Net.
0:40 of 1st period - Shot by Nikita Kucherov.
0:40 of 1st period - Shot Misses the Net.
0:42 of 1st period - Shot by Alex Ovechkin.
0:42 of 1st period - Goal by Alex Ovechkin - Panthers : 1 - Devils : 0.
0:43 of 1st period - Mark Scheifele wins face-off versus Zack Smith in neutral zone.
0:58 of 1st period - Shot by Patrik Laine.
0:58 of 1st period - Stopped by Marc-Andre Fleury without a rebound.
0:59 of 1st period - Tyler Bozak wins face-off versus Dylan Larkin in Devils zone.
0:59 of 1st period - Tyler Bozak is hit by Dylan Larkin.
1:33 of 1st period - Shot by Joel Armia.
1:33 of 1st period - Shot Misses the Net.
1:35 of 1st period - Shot by Matt Calvert.
1:35 of 1st period - Shot Blocked by Justin Schultz.
2:14 of 1st period - Mark Scheifele is hit by Mikhail Sergachev and loses puck.
2:27 of 1st period - Shot by Mark Scheifele.
2:27 of 1st period - Stopped by Marc-Andre Fleury with a rebound.
2:47 of 1st period - Shot by Mark Scheifele.
2:47 of 1st period - Shot Misses the Net.
3:08 of 1st period - Icing by Quinn Hughes.
3:09 of 1st period - Joe Thornton wins face-off versus Nicklas Backstrom in Panthers zone.
4:13 of 1st period - Shot by Nikita Kucherov.
4:13 of 1st period - Deflect By Alex Ovechkin.
4:13 of 1st period - Shot Misses the Net.
4:15 of 1st period - Shot by Colton Parayko.
4:15 of 1st period - Stopped by Marc-Andre Fleury without a rebound.
4:16 of 1st period - Mark Scheifele wins face-off versus Tyler Bozak in Devils zone.
4:28 of 1st period - Pavel Zacha is hit by Charlie McAvoy and loses puck.
4:46 of 1st period - Minor Penalty to Charlie McAvoy for Roughing.
4:47 of 1st period - Derek Grant wins face-off versus Sam Reinhart in Panthers zone.
5:10 of 1st period - Shot by Damon Severson.
5:10 of 1st period - Stopped by Corey Crawford without a rebound.
5:11 of 1st period - Nicklas Backstrom wins face-off versus Matt Calvert in Panthers zone.
5:14 of 1st period - Shot by Cale Makar.
5:14 of 1st period - Stopped by Corey Crawford without a rebound.
5:15 of 1st period - Derek Grant wins face-off versus Nicklas Backstrom in Panthers zone.
5:25 of 1st period - Icing by Nicklas Backstrom.
5:26 of 1st period - Nicklas Backstrom wins face-off versus Derek Grant in Devils zone.
6:06 of 1st period - Shot by Colton Parayko.
6:06 of 1st period - Stopped by Marc-Andre Fleury without a rebound.
6:07 of 1st period - Sam Reinhart wins face-off versus Derek Grant in Devils zone.
6:32 of 1st period - Shot by Sam Reinhart.
6:32 of 1st period - Shot Blocked by Zdeno Chara.
6:54 of 1st period - Shot by Mark Scheifele.
6:54 of 1st period - Stopped by Marc-Andre Fleury without a rebound.
6:55 of 1st period - Brian Boyle wins face-off versus Aleksander Barkov in Devils zone.
7:06 of 1st period - Icing by Niklas Hjalmarsson.
7:07 of 1st period - Brian Boyle wins face-off versus Mark Scheifele in Devils zone.
7:11 of 1st period - Niklas Hjalmarsson is hit by Jeff Petry and loses puck.
7:17 of 1st period - Brian Boyle is hit by Jeff Petry and loses puck.
7:26 of 1st period - Shot by Rocco Grimaldi.
7:26 of 1st period - Stopped by Corey Crawford with a rebound.
7:36 of 1st period - Shot by Rocco Grimaldi.
7:36 of 1st period - Stopped by Corey Crawford without a rebound.
7:37 of 1st period - Aleksander Barkov wins face-off versus Sam Reinhart in Panthers zone.
8:01 of 1st period - Colton Parayko is hit by Damon Severson and loses puck.
9:20 of 1st period - Shot by Mark Scheifele.
9:20 of 1st period - Shot Misses the Net.
9:22 of 1st period - Shot by Zdeno Chara.
9:22 of 1st period - Stopped by Marc-Andre Fleury with a rebound.
9:28 of 1st period - Shot by Patrik Laine.
9:28 of 1st period - Stopped by Marc-Andre Fleury without a rebound.
9:29 of 1st period - Joe Thornton wins face-off versus Nicklas Backstrom in Devils zone.
9:29 of 1st period - Colton Parayko is hit by Niklas Hjalmarsson and loses puck.
9:34 of 1st period - Shot by Oskar Sundqvist.
9:34 of 1st period - Shot Misses the Net.
9:39 of 1st period - Oskar Sundqvist is hit by Niklas Hjalmarsson and loses puck.
10:30 of 1st period - Shot by Aleksander Barkov.
10:30 of 1st period - Shot Misses the Net.
10:32 of 1st period - Shot by Aleksander Barkov.
10:32 of 1st period - Shot Misses the Net.
10:45 of 1st period - Shot by Aleksander Barkov.
10:45 of 1st period - Shot Blocked by Niklas Hjalmarsson.
11:36 of 1st period - Shot by Patrik Laine.
11:36 of 1st period - Shot Misses the Net.
11:58 of 1st period - Shot by Dylan Larkin.
11:58 of 1st period - Stopped by Marc-Andre Fleury without a rebound.
11:59 of 1st period - Dylan Larkin wins face-off versus Travis Konecny in Devils zone.
12:08 of 1st period - Shot by Matt Calvert.
12:08 of 1st period - Goal by Matt Calvert - Panthers : 2 - Devils : 0.
12:09 of 1st period - Aleksander Barkov wins face-off versus Tyler Bozak in neutral zone.
12:09 of 1st period - Alex Ovechkin is hit by Pavel Zacha and loses puck.
12:20 of 1st period - Aleksander Barkov is hit by Pavel Zacha and loses puck.
12:34 of 1st period - Icing by Cale Makar.
12:35 of 1st period - Tyler Bozak wins face-off versus Dylan Larkin in Devils zone.
13:12 of 1st period - Shot by Sam Reinhart.
13:12 of 1st period - Stopped by Corey Crawford with a rebound.
13:14 of 1st period - Shot by Travis Konecny.
13:14 of 1st period - Stopped by Corey Crawford without a rebound.
13:15 of 1st period - Sam Reinhart wins face-off versus Nikita Kucherov in Panthers zone.
13:26 of 1st period - Shot by Aleksander Barkov.
13:26 of 1st period - Shot Misses the Net.
13:28 of 1st period - Shot by Jeff Petry.
13:28 of 1st period - Stopped by Marc-Andre Fleury without a rebound.
13:29 of 1st period - Matthew Tkachuk wins face-off versus Brian Boyle in Devils zone.
13:40 of 1st period - Shot by Matthew Tkachuk.
13:40 of 1st period - Shot Misses the Net.
13:42 of 1st period - Shot by Zdeno Chara.
13:42 of 1st period - Shot Hit the Post.
13:44 of 1st period - Shot by Charlie McAvoy.
13:44 of 1st period - Shot Blocked by Damon Severson.
13:58 of 1st period - Shot by Matthew Tkachuk.
13:58 of 1st period - Deflect By Mark Scheifele.
13:58 of 1st period - Shot Misses the Net.
14:07 of 1st period - Mikhail Sergachev is hit by Matthew Tkachuk.
14:14 of 1st period - Minor Penalty to Patrik Laine for Hooking.
14:15 of 1st period - Derek Grant wins face-off versus Mike Hoffman in Panthers zone.
15:42 of 1st period - Icing by Damon Severson.
15:43 of 1st period - Nicklas Backstrom wins face-off versus Derek Grant in Devils zone.
15:43 of 1st period - Nicklas Backstrom is hit by Joel Armia.
16:50 of 1st period - Shot by Patrik Laine.
16:50 of 1st period - Shot Misses the Net.
16:52 of 1st period - Shot by Colton Parayko.
16:52 of 1st period - Deflect By Mark Scheifele.
16:52 of 1st period - Shot Misses the Net.
17:27 of 1st period - Off-side.
17:28 of 1st period - Dylan Larkin wins face-off versus Sam Reinhart in neutral zone.
17:34 of 1st period - Icing by Mikhail Sergachev.
17:35 of 1st period - Dylan Larkin wins face-off versus Travis Konecny in Devils zone.
17:54 of 1st period - Shot by Zack Smith.
17:54 of 1st period - Stopped by Corey Crawford without a rebound.
17:55 of 1st period - Aleksander Barkov wins face-off versus Tyler Bozak in Panthers zone.
18:00 of 1st period - Shot by Nikita Kucherov.
18:00 of 1st period - Stopped by Marc-Andre Fleury without a rebound.
18:01 of 1st period - Tyler Bozak wins face-off versus Aleksander Barkov in Devils zone.
18:10 of 1st period - Shot by Pavel Zacha.
18:10 of 1st period - Shot Misses the Net.
18:26 of 1st period - Shot by Mike Hoffman.
18:26 of 1st period - Shot Misses the Net.
18:34 of 1st period - Shot by Aleksander Barkov.
18:34 of 1st period - Deflect By Nikita Kucherov.
18:34 of 1st period - Shot Misses the Net.
18:42 of 1st period - Shot by Alex Ovechkin.
18:42 of 1st period - Shot Misses the Net.
18:44 of 1st period - Shot by Aleksander Barkov.
18:44 of 1st period - Goal by Aleksander Barkov - Panthers : 3 - Devils : 0.
18:45 of 1st period - Sam Reinhart wins face-off versus Mark Scheifele in neutral zone.
19:02 of 1st period - Damon Severson is hit by Matthew Tkachuk.
19:08 of 1st period - Shot by Mikhail Sergachev.
19:08 of 1st period - Shot Blocked by Samuel Girard.
19:24 of 1st period - Shot by Mark Scheifele.
19:24 of 1st period - Shot Hit the Post.
19:49 of 1st period - Shot by Nicklas Backstrom.
19:49 of 1st period - Stopped by Corey Crawford without a rebound.
19:50 of 1st period - Tyler Bozak wins face-off versus Aleksander Barkov in Panthers zone.
Goals for this period are 3 for Panthers vs 0 for Devils.
Shots for this period are 13 for Panthers vs 8 for Devils.

2nd period


0:01 of 2nd period - Aleksander Barkov wins face-off versus Sam Reinhart in neutral zone.
0:24 of 2nd period - Alex Ovechkin is hit by Damon Severson and loses puck.
0:27 of 2nd period - Shot by Jeff Petry.
0:27 of 2nd period - Stopped by Marc-Andre Fleury without a rebound.
0:28 of 2nd period - Dylan Larkin wins face-off versus Nicklas Backstrom in Devils zone.
0:28 of 2nd period - Dylan Larkin is hit by Ryan Suter.
0:39 of 2nd period - Dylan Larkin is hit by Cale Makar and loses puck.
0:57 of 2nd period - Icing by Cale Makar.
0:58 of 2nd period - Aleksander Barkov wins face-off versus Nicklas Backstrom in Devils zone.
0:58 of 2nd period - Aleksander Barkov is hit by Cale Makar.
1:03 of 2nd period - Nikita Kucherov is hit by Cale Makar and loses puck.
1:06 of 2nd period - Shot by Nikita Kucherov.
1:06 of 2nd period - Shot Misses the Net.
1:24 of 2nd period - Nikita Kucherov is hit by Cale Makar and loses puck.
2:11 of 2nd period - Icing by Zack Smith.
2:12 of 2nd period - Sam Reinhart wins face-off versus Mark Scheifele in Devils zone.
2:12 of 2nd period - Sam Reinhart is hit by Matthew Tkachuk.
2:20 of 2nd period - Shot by Travis Konecny.
2:20 of 2nd period - Shot Misses the Net.
2:22 of 2nd period - Shot by Zack Smith.
2:22 of 2nd period - Shot Blocked by Matthew Tkachuk.
2:27 of 2nd period - Sam Reinhart is hit by Zdeno Chara and loses puck.
2:41 of 2nd period - Matthew Tkachuk is hit by Niklas Hjalmarsson and loses puck.
2:47 of 2nd period - Tyler Bozak is hit by Patrik Laine and loses puck.
2:57 of 2nd period - Minor Penalty to Matthew Tkachuk for Roughing.
2:58 of 2nd period - Derek Grant wins face-off versus Chris Kreider in Panthers zone.
3:21 of 2nd period - Shot by Nicklas Backstrom.
3:21 of 2nd period - Stopped by Corey Crawford without a rebound.
3:22 of 2nd period - Derek Grant wins face-off versus Sam Reinhart in Panthers zone.
3:57 of 2nd period - Shot by Sam Reinhart.
3:57 of 2nd period - Shot Misses the Net.
4:13 of 2nd period - Ryan Suter is hit by Charlie McAvoy and loses puck.
4:20 of 2nd period - Shot by T.J. Oshie.
4:20 of 2nd period - Shot Blocked by Charlie McAvoy.
4:22 of 2nd period - Shot by Cale Makar.
4:22 of 2nd period - Stopped by Corey Crawford with a rebound.
4:58 of 2nd period - Shot by Mike Hoffman.
4:58 of 2nd period - Shot Misses the Net.
5:04 of 2nd period - Shot by Nikita Kucherov.
5:04 of 2nd period - Stopped by Marc-Andre Fleury without a rebound.
5:05 of 2nd period - Brian Boyle wins face-off versus Nikita Kucherov in Devils zone.
5:36 of 2nd period - Shot by Aleksander Barkov.
5:36 of 2nd period - Shot Blocked by Justin Schultz.
5:43 of 2nd period - Aleksander Barkov is hit by Niklas Hjalmarsson and loses puck.
6:12 of 2nd period - Shot by Mike Hoffman.
6:12 of 2nd period - Deflect By Pavel Zacha.
6:12 of 2nd period - Stopped by Corey Crawford with a rebound.
6:15 of 2nd period - Icing by Colton Parayko.
6:16 of 2nd period - Aleksander Barkov wins face-off versus Nicklas Backstrom in Panthers zone.
6:49 of 2nd period - Shot by Patrik Laine.
6:49 of 2nd period - Stopped by Marc-Andre Fleury with a rebound.
6:52 of 2nd period - Icing by Damon Severson.
6:53 of 2nd period - Nicklas Backstrom wins face-off versus Joe Thornton in Devils zone.
7:46 of 2nd period - Shot by Dylan Larkin.
7:46 of 2nd period - Stopped by Marc-Andre Fleury without a rebound.
7:47 of 2nd period - Tyler Bozak wins face-off versus Mark Scheifele in Devils zone.
7:47 of 2nd period - Tyler Bozak is hit by Patrik Laine.
8:05 of 2nd period - Shot by Matthew Tkachuk.
8:05 of 2nd period - Stopped by Marc-Andre Fleury with a rebound.
8:13 of 2nd period - Pavel Zacha is hit by Matthew Tkachuk and loses puck.
8:24 of 2nd period - Shot by Matthew Tkachuk.
8:24 of 2nd period - Stopped by Marc-Andre Fleury with a rebound.
8:26 of 2nd period - Shot by Mark Scheifele.
8:26 of 2nd period - Stopped by Marc-Andre Fleury without a rebound.
8:27 of 2nd period - Dylan Larkin wins face-off versus Nicklas Backstrom in Devils zone.
8:50 of 2nd period - Shot by Dylan Larkin.
8:50 of 2nd period - Shot Misses the Net.
8:52 of 2nd period - Shot by Matt Calvert.
8:52 of 2nd period - Stopped by Marc-Andre Fleury with a rebound.
8:54 of 2nd period - Shot by Colton Parayko.
8:54 of 2nd period - Deflect By Dylan Larkin.
8:54 of 2nd period - Stopped by Marc-Andre Fleury without a rebound.
8:55 of 2nd period - Aleksander Barkov wins face-off versus Sam Reinhart in Devils zone.
8:56 of 2nd period - Shot by Nikita Kucherov.
8:56 of 2nd period - Shot Blocked by Sam Reinhart.
9:01 of 2nd period - Minor Penalty to Mikhail Sergachev for Holding.
9:01 of 2nd period - Minor Penalty to Alex Ovechkin for Tripping.
9:02 of 2nd period - Nicklas Backstrom wins face-off versus Aleksander Barkov in Devils zone.
9:02 of 2nd period - Nicklas Backstrom is hit by Aleksander Barkov.
9:20 of 2nd period - Icing by Jeff Petry.
9:21 of 2nd period - Aleksander Barkov wins face-off versus Nicklas Backstrom in Panthers zone.
9:37 of 2nd period - Shot by Aleksander Barkov.
9:37 of 2nd period - Shot Hit the Post.
9:51 of 2nd period - Shot by Dylan Larkin.
9:51 of 2nd period - Deflect By Aleksander Barkov.
9:51 of 2nd period - Stopped by Marc-Andre Fleury with a rebound.
9:53 of 2nd period - Shot by Aleksander Barkov.
9:53 of 2nd period - Shot Misses the Net.
10:11 of 2nd period - Travis Konecny is hit by Mark Scheifele and loses puck.
10:28 of 2nd period - Icing by Sam Reinhart.
10:29 of 2nd period - Aleksander Barkov wins face-off versus Sam Reinhart in Devils zone.
10:43 of 2nd period - Icing by Damon Severson.
10:44 of 2nd period - Mark Scheifele wins face-off versus Sam Reinhart in Devils zone.
10:49 of 2nd period - Shot by Nikita Kucherov.
10:49 of 2nd period - Shot Misses the Net.
10:51 of 2nd period - Shot by Mark Scheifele.
10:51 of 2nd period - Shot Misses the Net.
10:53 of 2nd period - Shot by Nikita Kucherov.
10:53 of 2nd period - Stopped by Marc-Andre Fleury without a rebound.
10:54 of 2nd period - Mark Scheifele wins face-off versus Nicklas Backstrom in Devils zone.
12:06 of 2nd period - Icing by Ryan Suter.
12:07 of 2nd period - Zack Smith wins face-off versus Aleksander Barkov in Devils zone.
12:42 of 2nd period - Shot by Cale Makar.
12:42 of 2nd period - Stopped by Corey Crawford with a rebound.
13:40 of 2nd period - Shot by Matthew Tkachuk.
13:40 of 2nd period - Shot Misses the Net.
13:52 of 2nd period - Shot by Matthew Tkachuk.
13:52 of 2nd period - Shot Misses the Net.
13:54 of 2nd period - Shot by Matthew Tkachuk.
13:54 of 2nd period - Stopped by Marc-Andre Fleury without a rebound.
13:55 of 2nd period - Dylan Larkin wins face-off versus Mike Hoffman in Devils zone.
14:02 of 2nd period - Shot by Dylan Larkin.
14:02 of 2nd period - Stopped by Marc-Andre Fleury without a rebound.
14:03 of 2nd period - Dylan Larkin wins face-off versus Pavel Zacha in Devils zone.
14:14 of 2nd period - Shot by Mike Hoffman.
14:14 of 2nd period - Shot Blocked by Samuel Girard.
14:16 of 2nd period - Shot by Tyler Bozak.
14:16 of 2nd period - Stopped by Corey Crawford without a rebound.
14:17 of 2nd period - Mark Scheifele wins face-off versus Sam Reinhart in Panthers zone.
14:17 of 2nd period - Mark Scheifele is hit by Zack Smith.
14:47 of 2nd period - Shot by Matthew Tkachuk.
14:47 of 2nd period - Stopped by Marc-Andre Fleury without a rebound.
14:48 of 2nd period - Tyler Bozak wins face-off versus Joel Armia in Devils zone.
15:04 of 2nd period - Icing by Damon Severson.
15:05 of 2nd period - Tyler Bozak wins face-off versus Aleksander Barkov in Devils zone.
15:26 of 2nd period - Minor Penalty to Mikhail Sergachev for Holding.
15:27 of 2nd period - Patrik Laine wins face-off versus Tyler Bozak in Devils zone.
16:22 of 2nd period - Icing by Colton Parayko.
16:23 of 2nd period - Aleksander Barkov wins face-off versus Brian Boyle in Panthers zone.
17:25 of 2nd period - Icing by Quinn Hughes.
17:26 of 2nd period - Dylan Larkin wins face-off versus Nicklas Backstrom in Panthers zone.
17:31 of 2nd period - Joel Armia is hit by T.J. Oshie and loses puck.
17:49 of 2nd period - Chris Kreider is hit by Zdeno Chara and loses puck.
18:30 of 2nd period - Shot by Travis Konecny.
18:30 of 2nd period - Shot Misses the Net.
19:35 of 2nd period - Jeff Petry is hit by Rocco Grimaldi and loses puck.
Goals for this period are 0 for Panthers vs 0 for Devils.
Shots for this period are 14 for Panthers vs 5 for Devils.

3rd period


0:01 of 3rd period - Aleksander Barkov wins face-off versus Sam Reinhart in neutral zone.
0:23 of 3rd period - Icing by Damon Severson.
0:24 of 3rd period - Sam Reinhart wins face-off versus Mark Scheifele in Devils zone.
0:26 of 3rd period - Icing by Travis Konecny.
0:27 of 3rd period - Sam Reinhart wins face-off versus Patrik Laine in Devils zone.
2:23 of 3rd period - Cale Makar is hit by Zdeno Chara and loses puck.
2:34 of 3rd period - Nicklas Backstrom is hit by Charlie McAvoy and loses puck.
3:23 of 3rd period - Minor Penalty to Colton Parayko for Tripping.
3:24 of 3rd period - Sam Reinhart wins face-off versus Derek Grant in Panthers zone.
3:39 of 3rd period - Shot by Sam Reinhart.
3:39 of 3rd period - Shot Misses the Net.
3:41 of 3rd period - Shot by Damon Severson.
3:41 of 3rd period - Stopped by Corey Crawford with a rebound.
3:47 of 3rd period - Shot by Travis Konecny.
3:47 of 3rd period - Stopped by Corey Crawford with a rebound.
4:43 of 3rd period - Icing by Sam Reinhart.
4:44 of 3rd period - Derek Grant wins face-off versus Sam Reinhart in Devils zone.
4:55 of 3rd period - Shot by Aleksander Barkov.
4:55 of 3rd period - Stopped by Marc-Andre Fleury with a rebound.
5:41 of 3rd period - Shot by Mark Scheifele.
5:41 of 3rd period - Shot Misses the Net.
5:52 of 3rd period - Shot by Mike Hoffman.
5:52 of 3rd period - Shot Blocked by Samuel Girard.
6:55 of 3rd period - Shot by Sam Reinhart.
6:55 of 3rd period - Shot Misses the Net.
6:57 of 3rd period - Shot by Zack Smith.
6:57 of 3rd period - Stopped by Corey Crawford without a rebound.
6:58 of 3rd period - Aleksander Barkov wins face-off versus Nicklas Backstrom in Panthers zone.
8:03 of 3rd period - Off-side.
8:04 of 3rd period - Mark Scheifele wins face-off versus Mathieu Joseph in neutral zone.
8:07 of 3rd period - Mathieu Joseph is hit by Matthew Tkachuk and loses puck.
8:19 of 3rd period - Colton Parayko is hit by Brian Boyle and loses puck.
8:37 of 3rd period - Minor Penalty to Brian Boyle for Tripping.
8:38 of 3rd period - Aleksander Barkov wins face-off versus Tyler Bozak in Devils zone.
8:39 of 3rd period - Shot by Colton Parayko.
8:39 of 3rd period - Stopped by Marc-Andre Fleury without a rebound.
8:40 of 3rd period - Tyler Bozak wins face-off versus Aleksander Barkov in Devils zone.
8:58 of 3rd period - Aleksander Barkov is hit by Justin Schultz and loses puck.
10:51 of 3rd period - Cale Makar is hit by Zdeno Chara and loses puck.
11:04 of 3rd period - Shot by Ryan Suter.
11:04 of 3rd period - Shot Misses the Net.
11:06 of 3rd period - Shot by Rocco Grimaldi.
11:06 of 3rd period - Stopped by Corey Crawford without a rebound.
11:07 of 3rd period - Joe Thornton wins face-off versus Sam Reinhart in Panthers zone.
11:30 of 3rd period - Shot by Sam Reinhart.
11:30 of 3rd period - Stopped by Corey Crawford without a rebound.
11:31 of 3rd period - Mark Scheifele wins face-off versus Tyler Bozak in Panthers zone.
11:55 of 3rd period - Shot by Tyler Bozak.
11:55 of 3rd period - Shot Blocked by Zdeno Chara.
11:57 of 3rd period - Shot by Tyler Bozak.
11:57 of 3rd period - Goal by Tyler Bozak - Panthers : 3 - Devils : 1.
11:58 of 3rd period - Aleksander Barkov wins face-off versus Nicklas Backstrom in neutral zone.
12:09 of 3rd period - Shot by Nikita Kucherov.
12:09 of 3rd period - Shot Misses the Net.
12:11 of 3rd period - Shot by Samuel Girard.
12:11 of 3rd period - Shot Misses the Net.
12:13 of 3rd period - Shot by Colton Parayko.
12:13 of 3rd period - Stopped by Marc-Andre Fleury without a rebound.
12:14 of 3rd period - Joel Armia wins face-off versus Sam Reinhart in Devils zone.
13:29 of 3rd period - Shot by T.J. Oshie.
13:29 of 3rd period - Deflect By Nicklas Backstrom.
13:29 of 3rd period - Shot Misses the Net.
14:23 of 3rd period - Shot by Damon Severson.
14:23 of 3rd period - Stopped by Corey Crawford without a rebound.
14:24 of 3rd period - Brian Boyle wins face-off versus Joe Thornton in Panthers zone.
14:40 of 3rd period - Icing by Oskar Sundqvist.
14:41 of 3rd period - Derek Grant wins face-off versus Tyler Bozak in Panthers zone.
14:45 of 3rd period - Off-side.
14:46 of 3rd period - Aleksander Barkov wins face-off versus Tyler Bozak in neutral zone.
14:57 of 3rd period - Shot by Alex Ovechkin.
14:57 of 3rd period - Stopped by Marc-Andre Fleury without a rebound.
14:58 of 3rd period - Mark Scheifele wins face-off versus Sam Reinhart in Devils zone.
15:04 of 3rd period - Icing by Sam Reinhart.
15:05 of 3rd period - Mark Scheifele wins face-off versus Sam Reinhart in Devils zone.
15:17 of 3rd period - Minor Penalty to Mikhail Sergachev for Tripping.
15:18 of 3rd period - Tyler Bozak wins face-off versus Aleksander Barkov in Devils zone.
17:01 of 3rd period - Off-side.
17:02 of 3rd period - Tyler Bozak wins face-off versus Nikita Kucherov in neutral zone.
17:11 of 3rd period - Shot by Nikita Kucherov.
17:11 of 3rd period - Stopped by Marc-Andre Fleury without a rebound.
17:12 of 3rd period - Tyler Bozak wins face-off versus Mark Scheifele in Devils zone.
17:31 of 3rd period - Chris Kreider is hit by Charlie McAvoy and loses puck.
17:40 of 3rd period - Shot by Chris Kreider.
17:40 of 3rd period - Goal by Chris Kreider - Panthers : 3 - Devils : 2.
17:41 of 3rd period - Joe Thornton wins face-off versus Sam Reinhart in neutral zone.
17:43 of 3rd period - Off-side.
17:44 of 3rd period - Mark Scheifele wins face-off versus Sam Reinhart in neutral zone.
18:07 of 3rd period - Shot by Patrik Laine.
18:07 of 3rd period - Stopped by Marc-Andre Fleury without a rebound.
18:08 of 3rd period - Aleksander Barkov wins face-off versus Tyler Bozak in Devils zone.
18:23 of 3rd period - Shot by Alex Ovechkin.
18:23 of 3rd period - Stopped by Marc-Andre Fleury without a rebound.
18:24 of 3rd period - Mark Scheifele wins face-off versus Nicklas Backstrom in Devils zone.
18:31 of 3rd period - Shot by Mark Scheifele.
18:31 of 3rd period - Shot Misses the Net.
18:45 of 3rd period - Shot by Mark Scheifele.
18:45 of 3rd period - Stopped by Marc-Andre Fleury with a rebound.
18:55 of 3rd period - Shot by Colton Parayko.
18:55 of 3rd period - Shot Misses the Net.
19:43 of 3rd period - Devils, Marc-Andre Fleury is pulled from the net.
19:43 of 3rd period - Shot by Sam Reinhart.
19:43 of 3rd period - Stopped by Corey Crawford with a rebound.
Goals for this period are 0 for Panthers vs 2 for Devils.
Shots for this period are 8 for Panthers vs 9 for Devils.